AoeStats
← The Crusader

Scandinavia

510553574Analyzed
1v1 RM · 22h ago on Oct 1, 2026· 54m 3s· 2 players
Game mode
Random Map
Map size
Tiny (2 player)
Population
200
Speed
Normal
Resources
Standard
Victory
Conquest
Starting age
Dark Age
Ending age
Imperial Age
RankedLock teamsTeams togetherTeam positionsShared explorationLock speedFull tech treeHidden civsTurbo modeCheats
Victory
Defeat
🇵🇪 Varangians · Peru
1856
+13
🇺🇸 Persians · United States
1783
-13
The Crusader
7:27 Loom
9:31 Feudal Age
14:38 Castle Age
12:37 Double-Bit Axe
12:32 Horse Collar
15:30 Bow Saw
15:37 Heavy Plow
23:24 Fletching
24:59 Medium Warships
27:40 Bloodlines
29:41 Scale Barding Armor
30:30 Wheelbarrow
30:34 Husbandry
36:16 Imperial Age
34:42 Hand Cart
34:29 Husbandry
34:58 Ballistics
34:58 Town Watch
35:31 Gold Mining
37:39 Chemistry
37:02 Chain Barding Armor
37:04 Forging
37:52 Masonry
45:09 Pikeman
45:50 Squires
47:36 Man-at-Arms
48:10 Halberdier
49:56 Scale Mail Armor
51:32 Arson
LE | Dia franptom
6:36 Loom
10:14 Feudal Age
14:10 Castle Age
12:54 Double-Bit Axe
12:50 Horse Collar
14:14 Light Cavalry
15:15 Bow Saw
23:22 Fishing Lines
25:10 Wheelbarrow
26:41 Medium Warships
26:46 Scale Mail Armor
35:31 Imperial Age
34:27 Chain Mail Armor
34:30 Squires
34:25 Gambesons
34:26 Arson
35:53 Elite Varangian Guard
40:44 Plate Mail Armor
40:24 Forging
41:27 Conscription
43:52 Hand Cart
43:41 Cavalier
44:32 Bloodlines
45:10 Conscription
45:03 Husbandry
45:44 Scale Barding Armor
45:50 Gothikon
45:56 Vendel Legacy
47:45 Chain Barding Armor
50:08 Plate Barding Armor
50:08 Iron Casting
51:55 Padded Archer Armor
53:06 Blast Furnace
52:40 Gold Mining
52:52 Heavy Plow
52:20 Gothikon
52:38 Man-at-Arms
54:27 Fletching
55:00 Ballistics
Connection lost

Rejoining the realm…

Still unreachable

The connection could not be restored.

Session expired

The server has moved on; the page needs a fresh start.